 Dungeon Crawl Stone Soup version 0.17-a0-1360-g37db002 (webtiles) character file.

362 Geomchi the Insei (level 6, -11/42 HPs)
             Began as an Octopode Monk on June 11, 2015.
             Was an Elder of Cheibriados.
             Mangled by Geomchi's ghost (14 damage)
             ... on level 4 of the Dungeon.
             The game lasted 00:03:11 (3047 turns).

Geomchi the Insei (Octopode Monk)                   Turns: 3047, Time: 00:03:11

Health: -11/42     AC:  1    Str: 25    XL:     6   Next: 66%
Magic:  6/6        EV: 17    Int: 23    God:    Cheibriados [****..]
Gold:   123        SH:  5    Dex: 26    Spells: 0 memorised, 5 levels left

rFire  . . .     SeeInvis .       - Unarmed
rCold  . . .     Clarity  .     m - +0 buckler
rNeg   . . .     SustAt   .     (helmet restricted)
rPois  .         Gourm    .     g - amulet of resist mutation
rElec  .         Spirit   .     (no ring)
rCorr  .         Warding  .     (no ring)
rMut   +         Stasis   .     (no ring)
MR     .....                    (no ring)
Stlth  ++++......               (no ring)
                                (no ring)
                                (no ring)
                                (no ring)

@: mighty, very slow, not resistant to hostile enchantments, stealthy
A: almost no armour, amphibious, 8 rings, constrict 8, camouflage 1, gelatinous
body 1
a: Bend Time, Temporal Distortion, Slouch, Renounce Religion


You were on level 4 of the Dungeon.
You worshipped Cheibriados.
Cheibriados was greatly pleased with you.
You were hungry.

You visited 1 branch of the dungeon, and saw 4 of its levels.

You collected 123 gold pieces.

Inventory:

Armour
 m - a +0 buckler (worn)
Jewellery
 g - an amulet of resist mutation (around mantle)
Magical devices
 j - a wand of enslavement (12)
 l - a wand of random effects (28)
Scrolls
 c - a scroll of random uselessness {unknown}
 d - 4 scrolls of teleportation {unknown}
 i - a scroll of enchant armour {unknown}
 k - 2 scrolls of immolation {unknown}
 n - a scroll of magic mapping {unknown}
Potions
 f - a potion of degeneration {unknown}
 o - a potion of berserk rage {unknown}
 p - a potion of invisibility {unknown}
Comestibles
 a - 2 bread rations {@e1}
 b - 3 meat rations {@e2}
 h - a beef jerky


   Skills:
 - Level 3.0 Fighting
 + Level 5.5 Dodging
 - Level 2.6 Stealth
 + Level 6.1 Unarmed Combat


You had 5 spell levels left.
You didn't know any spells.

Dungeon Overview and Level Annotations

Branches:
Dungeon (4/15)
 Temple: D:4-7

Altars:
Cheibriados

Annotations:
D:4 Geomchi's ghost, experienced OpMo; Menkaure


Innate Abilities, Weirdness & Mutations

You cannot wear most types of armour.
You are amphibious.
You can wear up to eight rings at the same time.
You can use your tentacles to constrict eight enemies at once.
Your skin changes colour to match your surroundings (Stealth).
Your rubbery body absorbs attacks (AC +1).


Message History

You tentacle-slap Geomchi's ghost. x2
You squeeze Geomchi's ghost!
Geomchi's ghost says, "What's the hurry?
You'll die anyway."
Geomchi's ghost hits you.
You take 2 damage, and have 36/42 hp.
You miss Geomchi's ghost.
Menkaure shouts!
You tentacle-slap Geomchi's ghost. Your squeeze misses Geomchi's ghost.
Geomchi's ghost hits you.
You take 2 damage, and have 34/42 hp.
You tentacle-slap Geomchi's ghost but do no damage.
Menkaure calls on the powers of darkness!
Your body is wracked with pain!
Geomchi's ghost hits you!
* * * LOW HITPOINT WARNING * * *
You take 31 damage, and have 3/42 hp.
MASSIVE DAMAGE!!
Drink which item? (? for menu, Esc to quit)
It was a potion of might.
You feel very mighty all of a sudden. Geomchi's ghost hits you!
You die...

..........#
...#
..........#
...# .....?M..#
..# .........#
##..#
.....(...###..#
......##..##..#
...... #...#..#
.....#
##.W...## .....
##@....## ....#
#.......# #..a
##........#
#..........#
##...........#
#..#..........
##..###........
####..##
#......
#########....##
#....


You could see Menkaure and Geomchi's ghost.

Vanquished Creatures
  Sigmund (D:2)
  An orc wizard (D:3)
  Terence (D:2)
  Robin (D:2)
  5 adders
  3 oozes
  3 worms (D:2)
  2 giant geckos
  4 orcs (D:3)
  2 ball pythons
  4 giant cockroaches
  14 goblins
  13 hobgoblins
  4 jackals (D:3)
  7 bats
  3 giant newts
  5 kobolds
  2 quokkas
  2 rats
77 creatures vanquished.

Notes
Turn   | Place    | Note
--------------------------------------------------------------
     0 | D:1      | Geomchi the Octopode Monk began the quest for the Orb.
     0 | D:1      | Reached XP level 1. HP: 16/16 MP: 1/1
   191 | D:1      | Reached XP level 2. HP: 14/21 MP: 2/2
   510 | D:1      | Found a snail-covered altar of Cheibriados.
   537 | D:1      | Became a worshipper of Cheibriados the Contemplative
   537 | D:1      | Acquired Cheibriados's first power
  1092 | D:2      | Reached XP level 3. HP: 26/26 MP: 3/3
  1329 | D:2      | Noticed Terence
  1336 | D:2      | Killed Terence
  1336 | D:2      | Reached XP level 4. HP: 31/31 MP: 4/4
  1466 | D:2      | Acquired Cheibriados's second power
  1466 | D:2      | Reached skill level 5 in Unarmed Combat
  1467 | D:2      | Noticed Robin
  1481 | D:2      | Killed Robin
  1514 | D:2      | Noticed Sigmund
  1643 | D:2      | Killed Sigmund
  1643 | D:2      | Reached skill level 5 in Dodging
  1643 | D:2      | Reached XP level 5. HP: 36/36 MP: 5/5
  1643 | D:2      | Reached XP level 6. HP: 42/42 MP: 6/6
  2097 | D:3      | Acquired Cheibriados's third power
  2142 | D:3      | Reached skill level 6 in Unarmed Combat
  2389 | D:3      | Found a faded altar to an unknown god.
  3031 | D:4      | Noticed Geomchi's ghost (experienced OpMo)
  3032 | D:4      | Noticed Menkaure
  3047 | D:4      | Mangled by Geomchi's ghost

Vault maps used:
D:1:      onia_arrival_pyramid, glass_columns_c, cheibriados_altar_1
D:2:      uniq_terence, uniq_sigmund, uniq_robin
D:3:      ecumenical_altar_1
D:4:      lemuel_crystal_altar, first_bread, uniq_menkaure

Action                   |  1- 3 |  4- 6 || total
-------------------------+-------+-------++-------
Melee: Unarmed           |    50 |    99 ||   149
  Use: Potion            |       |     1 ||     1
 Stab: Sleeping          |    11 |     7 ||    18
       Distracted        |       |     2 ||     2
  Eat: Chunk             |       |     2 ||     2
